 Dungeon Crawl Stone Soup version 0.23.2-1-ga50397a6bc (webtiles) character file.

Game seed: 2507969540000073969

452 Kobolds4U the Ducker (level 6, -3/34 HPs)
             Began as a Deep Elf Conjurer on Apr 23, 2019.
             Killed by nerve-wracking pain
             ... invoked by Grinder
              (12 damage)
             ... on level 4 of the Dungeon.
             The game lasted 00:10:41 (4277 turns).

Kobolds4U the Ducker (Deep Elf Conjurer)            Turns: 4277, Time: 00:10:42

Health: -3/34      AC:  2    Str:  6    XL:     6   Next: 75%
Magic:  15/15      EV: 18    Int: 21    God:
Gold:   306        SH:  0    Dex: 15    Spells: 5/15 levels left

rFire    . . .     SeeInvis .   k - +2 dagger (venom)
rCold    . . .     Gourm    .   (no shield)
rNeg     . . .     Faith    .   a - +0 robe
rPois    .         Spirit   .   (no helmet)
rElec    .         Reflect  .   q - scarf {cloud immunity}
rCorr    .         Harm     .   (no gloves)
MR       .....                  (no boots)
Stlth    +++.......             (no amulet)
HPRegen  0.11/turn              p - +2 ring of evasion
MPRegen  0.14/turn              (no ring)

@: no status effects
A: no striking features
a: no special abilities


You were on level 4 of the Dungeon.
You were not hungry.

You visited 1 branch of the dungeon, and saw 4 of its levels.

You collected 306 gold pieces.

Inventory:

Hand Weapons
 k - a +2 dagger of venom (weapon)
Armour
 a - a +0 robe (worn)
 q - a scarf of cloud immunity (worn)
 r - a +2 ring mail of poison resistance
Jewellery
 p - a +2 ring of evasion (left hand)
Scrolls
 f - a scroll of noise
 g - a scroll of fog {unknown}
 h - a scroll of immolation {unknown}
 j - 2 scrolls of magic mapping {unknown}
 l - 6 scrolls of remove curse
 o - a scroll of blinking {unknown}
Potions
 b - a potion of ambrosia {unknown}
 e - a potion of flight
 m - a potion of cancellation
 n - 2 potions of curing
Comestibles
 c - 7 rations


   Skills:
 * Level 1.5 Fighting
 - Level 6.0 Dodging
 + Level 4.7 Stealth
 - Level 5.2 Spellcasting
 + Level 4.7 Conjurations


You had 5 spell levels left.
You knew the following spells:

 Your Spells              Type           Power        Failure   Level  Hunger
a - Magic Dart            Conj           ####         1%          1    None
b - Searing Ray           Conj           ####..       2%          2    None
c - Dazzling Spray        Conj/Hex       ###...       12%         3    ##.....
d - Force Lance           Conj/Tloc      ###.....     38%         4    ####...

Your spell library contained the following spells:

 Spells                   Type           Power        Failure   Level  Hunger
 Iskenderun's Mystic Bla  Conj           ####....     16%         4    ####...
 Fulminant Prism          Conj/Hex       ###.......   38%         4    ####...


Dungeon Overview and Level Annotations

Branches:
Dungeon (4/15)
 Temple: D:4-7

Altars:
Dithmenos

Annotations:
D:2 Sigmund
D:4 Grinder


Message History

Grinder hits you. Grinder gestures at you. You resist with some effort.
Grinder gestures at you. You resist with some effort. Grinder hits you.
You writhe in agony.
* * * LOW HITPOINT WARNING * * *
Grinder gestures at you.
You shrug off the repeated paralysis!
You can move again.
As you read the scroll of identify, it crumbles to dust.
f - a scroll of noise Grinder blinks!
As you read the scroll of teleportation, it crumbles to dust.
You feel strangely unstable.
Your surroundings seem slightly different.
There is a stone staircase leading down here.
Grinder gestures at you. Pain shoots through your body!
You die...

#####.# #.#.####.....≈≈≈≈≈≈(<.
#.###.#..##...##≈#≈≈≈≈≈...
#.....##....###.≈≈≈≈≈≈≈≈.≈
#####.##....##...≈≈≈≈≈≈#(≈
#......###....≈≈≈≈≈.<≈
#.####.###...##≈#≈≈... ########.#
#......##.#≈≈≈≈≈#
###.....##.####...........≈≈≈≈≈
#.............@..#.........≈≈.≈
###.#......5.####.##...........)#
...........#.# #.#####.###.#####
.##...#...#..# ... ###.....#####
.....###.....# ....##............
.##..###5.##.#...................
.###..#..###...........##########
..##.....##..#.....####
................ #


You could see Grinder.

Vanquished Creatures
  Edmund (D:3)
  A phantom (D:4)
  2 worker ants (D:4)
  4 gnolls
  5 adders
  A river rat (D:4)
  3 worms
  9 dart slugs
  3 leopard geckos
  10 orcs
  13 bats
  4 giant cockroaches
  6 goblins
  5 hobgoblins
  5 jackals
  2 kobolds
  A quokka (D:3)
  A ball python (D:1)
  7 frilled lizards
  10 rats
93 creatures vanquished.

Notes
Turn   | Place    | Note
-------+----------+-------------------------------------------
     0 | D:1      | Kobolds4U the Deep Elf Conjurer began the quest for the
                  | Orb.
     0 | D:1      | Reached XP level 1. HP: 10/10 MP: 6/6
   138 | D:1      | Reached skill level 3 in Dodging
   138 | D:1      | Reached XP level 2. HP: 15/15 MP: 5/8
   384 | D:1      | Learned a level 2 spell: Searing Ray
   716 | D:2      | Reached XP level 3. HP: 19/19 MP: 5/9
   986 | D:2      | Reached skill level 4 in Dodging
  1125 | D:2      | Reached XP level 4. HP: 24/24 MP: 10/10
  1190 | D:2      | Noticed Sigmund
  2406 | D:3      | Reached XP level 5. HP: 28/28 MP: 13/13
  2839 | D:4      | Noticed Edmund
  2991 | D:3      | Killed Edmund
  2991 | D:3      | Reached skill level 5 in Dodging
  2991 | D:3      | Reached skill level 5 in Spellcasting
  3311 | D:4      | Reached XP level 6. HP: 27/32 MP: 7/15
  3407 | D:4      | Found a glowing drain.
  3422 | D:4      | Reached skill level 6 in Dodging
  4017 | D:4      | Reached skill level 1 in Fighting
  4097 | D:4      | Learned a level 3 spell: Dazzling Spray
  4102 | D:4      | Learned a level 4 spell: Force Lance
  4234 | D:4      | Found a shadowy altar of Dithmenos.
  4249 | D:4      | Noticed Grinder
  4251 | D:4      | Paralysed by Grinder for 6 turns
  4277 | D:4      | Killed from afar by Grinder

Skill      XL: |  1  2  3  4  5  6 |
---------------+-------------------+-----
Stealth        | 3 4 |  4.7
Dodging        | 3 4 5 6 |  6.0
Spellcasting   | 4 5 |  5.2
Fighting       | 1 |  1.5
Conjurations   | |  4.7

Action                   |  1- 3 |  4- 6 || total
-------------------------+-------+-------++-------
Melee: Dagger            |    12 |    85 ||    97
 Cast: Magic Dart        |    28 |    61 ||    89
       Searing Ray       |     2 |     8 ||    10
  Use: Scroll            |       |     7 ||     7
 Stab: Sleeping          |     4 |    15 ||    19
  Eat: Chunk             |     1 |     9 ||    10
Armor: Robe              |     2 |     7 ||     9
Dodge: Dodged            |    12 |    80 ||    92
